 Dungeon Crawl Stone Soup version 0.19.1-1-g22dce08 (webtiles) character file.

596 Dolanko the Basher (level 7, -4/62 HPs)
             Began as a Naga Fighter on Jan 10, 2017.
             Slain by an ogre
             ... wielding a +0 giant club
              (19 damage)
             ... on level 4 of the Dungeon.
             The game lasted 00:05:06 (3609 turns).

Dolanko the Basher (Naga Fighter)                   Turns: 3609, Time: 00:05:07

Health: -4/62      AC:  7    Str: 19    XL:     7   Next: 40%
Magic:  7/7        EV:  5    Int:  8    God:
Gold:   179        SH:  8    Dex: 12    Spells: 0 memorised, 6 levels left

rFire  . . .     SeeInvis +     v - +0 morningstar
rCold  . . .     Gourm    +     r - +0 scale mail (curse)
rNeg   . . .     Faith    .     c - +0 shield
rPois  +         Spirit   .     (no helmet)
rElec  .         Reflect  .     (no cloak)
rCorr  .         Harm     .     m - +0 pair of gloves
MR     .....                    (no barding)
Stlth  ..........               a - amulet of the gourmand
                                (no ring)
                                (no ring)

@: very slow
A: see invisible, deformed body, poison resistance, slowness 2, slow metabolism
1, spit poison 1, AC +2
a: Spit Poison


You were on level 4 of the Dungeon.
You were hungry.

You visited 1 branch of the dungeon, and saw 4 of its levels.

You collected 179 gold pieces.

Inventory:

Hand Weapons
 v - a +0 morningstar (weapon)
Armour
 b - a +0 scale mail
 c - a +0 shield (worn)
 m - a +0 pair of gloves (worn)
 r - a cursed +0 scale mail (worn)
Jewellery
 a - an amulet of the gourmand (around neck)
Scrolls
 g - 2 scrolls of noise
 h - a scroll of immolation {unknown}
 i - 2 scrolls of identify
 j - a scroll of amnesia {unknown}
 l - a scroll of remove curse {unknown}
 n - a scroll of magic mapping {unknown}
 p - a scroll of blinking {unknown}
 q - a scroll of random uselessness {unknown}
 u - 2 scrolls of teleportation {unknown}
 y - a scroll of fear {unknown}
Potions
 d - a potion of might
 e - a potion of ambrosia {unknown}
 k - a potion of brilliance {unknown}
 w - a potion of beneficial mutation {unknown}
 z - a potion of curing
 A - a potion of berserk rage
Comestibles
 f - a bread ration
 o - 3 fruits
 s - 2 meat rations
 t - a royal jelly


   Skills:
 - Level 3.0 Fighting
 + Level 8.0 Maces & Flails
 - Level 2.4 Armour
 - Level 2.4 Shields


You had 6 spell levels left.
You didn't know any spells.

Dungeon Overview and Level Annotations

Branches:
Dungeon (4/15)
 Temple: D:4-7

Altars:
Ashenzari
Elyvilon
Kikubaaqudgha
Trog
Vehumet


Innate Abilities, Weirdness & Mutations

You cannot wear boots.
Your serpentine skin is tough. (AC +2)
You have supernaturally acute eyesight. (SInv)
Armour fits poorly on your strangely shaped body.
Your system is resistant to poisons. (rPois)
You cover ground very slowly.
You have a slow metabolism.
You can spit poison.


Message History

The ogre barely misses you.
You barely miss the ogre.
The ogre is lightly wounded.
You have got your breath back.
The ogre hits you with a giant club!
Your shield prevents you from hitting the ogre.
The ogre is moderately wounded.
The ogre hits you with a giant club!
You hit the ogre.
The ogre is moderately wounded.
The ogre looks more healthy.
The ogre hits you with a giant club!
You hit the ogre.
The ogre is heavily wounded.
The ogre hits you with a giant club!!
* * * LOW HITPOINT WARNING * * *
You feel better.
You hit the ogre.
The ogre is heavily wounded.
The ogre hits you with a giant club!!
You die...

#.########.......
#.# ......... #.#
#......... #.#
#......... ####'####
#......... #.......#
......... #.......#
......... +.......#
#.#....#
#..@....#####.#....#
#..O....+......)...#
#.......#####.##...#
+.......# #.##...#
#.......# #.######
#.......# #.#
........+ #.#
.#.......# #.# #.#


You could see an ogre.

Vanquished Creatures
  Sigmund (D:3)
  An ogre (D:4)
  A hound (D:4)
  A worker ant (D:4)
  Natasha (thrice) (D:3 D:4)
  Ijyb (D:2)
  A howler monkey zombie (D:3)
  9 adders
  An ooze (D:1)
  A dart slug (D:1)
  3 leopard geckos
  10 orcs
  15 giant cockroaches
  10 goblins
  6 hobgoblins
  10 jackals
  7 kobolds
  A quokka (D:3)
  3 ball pythons
  4 bats
  3 frilled lizards
  6 rats
98 creatures vanquished.

Notes
Turn   | Place    | Note
-------+----------+-------------------------------------------
     0 | D:1      | Dolanko the Naga Fighter began the quest for the Orb.
     0 | D:1      | Reached XP level 1. HP: 21/21 MP: 1/1
   342 | D:1      | Reached XP level 2. HP: 22/28 MP: 2/2
   454 | D:1      | Reached skill level 3 in Maces & Flails
   689 | D:1      | Reached XP level 3. HP: 33/34 MP: 3/3
  1092 | D:2      | Reached skill level 4 in Maces & Flails
  1107 | D:2      | Reached XP level 4. HP: 8/42 MP: 4/4
  1487 | D:2      | Noticed Ijyb
  1497 | D:2      | Killed Ijyb
  1705 | D:2      | Reached skill level 5 in Maces & Flails
  1705 | D:2      | Reached XP level 5. HP: 48/49 MP: 5/5
  1922 | D:3      | Noticed Natasha
  1925 | D:3      | Killed Natasha
  2170 | D:3      | Found a bloodstained altar of Trog.
  2222 | D:3      | Noticed Sigmund
  2256 | D:3      | Reached skill level 6 in Maces & Flails
  2269 | D:3      | Killed Sigmund
  2269 | D:3      | Reached XP level 6. HP: 22/56 MP: 6/6
  2513 | D:3      | Reached skill level 7 in Maces & Flails
  3011 | D:4      | Found a shattered altar of Ashenzari.
  3041 | D:4      | Noticed Natasha
  3048 | D:4      | Killed Natasha
  3295 | D:4      | Noticed Natasha
  3297 | D:4      | Killed Natasha
  3297 | D:4      | Reached XP level 7. HP: 62/62 MP: 7/7
  3355 | D:4      | Reached skill level 8 in Maces & Flails
  3362 | D:4      | Found an ancient bone altar of Kikubaaqudgha.
  3362 | D:4      | Found a white marble altar of Elyvilon.
  3365 | D:4      | Found a radiant altar of Vehumet.
  3609 | D:4      | Slain by an ogre

Skill      XL: |  1  2  3  4  5  6  7 |
---------------+----------------------+-----
Maces & Flails | 3 4 5 6 7 8 |  8.0
Fighting       | |  3.0
Armour         | |  2.4
Shields        | |  2.4

Action                   |  1- 3 |  4- 6 |  7- 9 || total
-------------------------+-------+-------+-------++-------
Melee: Flail             |   140 |    87 |       ||   227
       Morningstar       |       |   122 |    25 ||   147
 Abil: Spit Poison       |     2 |     2 |     2 ||     6
  Use: Potion            |       |     4 |     1 ||     5
       Scroll            |       |       |     2 ||     2
  Eat: Chunk             |       |     7 |       ||     7
Armor: Scale mail        |    64 |    96 |     7 ||   167
Dodge: Dodged            |    35 |    44 |     5 ||    84
Block: Shield            |    83 |   121 |     6 ||   210
